 Dungeon Crawl Stone Soup version 0.32-a0-918-g0f22ef8d61 (webtiles) character file.

Game seed: 8314282994009793188

4 casanoah the Apothecary (level 1, 0/13 HPs)
             Began as a Demonspawn Alchemist on Apr 11, 2024.
             Slain by a jackal (2 damage)
             ... on level 1 of the Dungeon.
             The game lasted 00:01:03 (99 turns).

casanoah the Apothecary (Demonspawn Alchemist)        Turns: 99, Time: 00:01:04

Health: 0/13       AC:  2    Str:  8    XL:     1   Next: 50%
Magic:  1/3        EV: 11    Int: 15    God:
Gold:   0          SH:  0    Dex: 13    Spells: 3/4 levels left

rFire   . . .        (no weapon)
rCold   . . .        (no shield)
rNeg    . . .        a - +0 robe
rPois   .            (no helmet)
rElec   .            (no cloak)
rCorr   .            (no gloves)
SInv    .            (no boots)
Will    .....        (no amulet)
Stlth   ++           (no ring)
HPRegen 0.22/turn    (no ring)
MPRegen 0.08/turn

%: no passive effects
@: no status effects
A: no striking features
a: no special abilities


You were on level 1 of the Dungeon.
You visited 1 branch of the dungeon, and saw 1 of its levels.

Inventory:

Armour
 a - a +0 robe (worn)
Potions
 b - a potion of magic


   Skills:
 + Level 1.7 Dodging
 + Level 1.7 Stealth
 + Level 2.0 Spellcasting
 + Level 1.0 Conjurations
 + Level 3.3 Alchemy


You had 3 spell levels left.
You knew the following spells:

 Your Spells              Type           Power      Damage    Failure   Level
a - Sting                 Conj/Alch      28%        1d4       10%         1

Your spell library contained the following spells:

 Spells                   Type           Power      Damage    Failure   Level
 Mercury Vapours          Alch/Air       12%        N/A       17%         2
 Mephitic Cloud           Conj/Alch/Air  5%         N/A       36%         3
 Olgreb's Toxic Radiance  Alch           11%        N/A       50%         4
 Sticky Flame             Fire/Alch      6%         2d4       75%         4


Dungeon Overview and Level Annotations

Branches:
Dungeon (1/15)

Altars:


Message History

The jackal attacks as it pursues you! The jackal bites you.
The jackal attacks as it pursues you! The jackal bites you.
The jackal bites you but does no damage.
Your magical contamination has completely faded away.
The jackal attacks as it pursues you! The jackal barely misses you.
The jackal bites you. The jackal barely misses you.
The jackal attacks as it pursues you! The jackal barely misses you.
You hit the jackal but do no damage.
The jackal bites you but does no damage.
You hit the jackal but do no damage. The jackal bites you.
The jackal bites you but does no damage.
You hit the jackal.
The jackal is lightly wounded.
The jackal misses you.
Casting: Sting (safe; 10% risk of failure)
Confirm with . or Enter, or press ? or * to list all spells.
Aiming: Sting (safe; 10% risk of failure)
Press: ? - help, Shift-Dir - straight line, f/p - jackal
Aim: a jackal (lightly wounded, 60% to hit)
The sting misses the jackal.
The sting hits the ball python.
The ball python is poisoned.
The ball python is severely wounded.
You kill the ball python!
The jackal bites you. x2
You miss the jackal.
The jackal is lightly wounded.
The jackal closely misses you.
The jackal bites you but does no damage.
The jackal attacks as it pursues you! The jackal bites you. x2
The jackal attacks as it pursues you! The jackal barely misses you.
The jackal bites you. The jackal barely misses you.
The jackal bites you but does no damage.
The jackal attacks as it pursues you! The jackal bites you.
* * * LOW HITPOINT WARNING * * *
The jackal completely misses you. The jackal bites you.
* * * LOW HITPOINT WARNING * * *
The jackal attacks as it pursues you! The jackal bites you.
You die...

### ##@##
###.h.###
#~#.h.#~#
###...###
#~#..g#^#
###...###
#~#...#^#
####..###
#~#..#~#


You could see 2 jackals and a goblin.

Vanquished Creatures
  An endoplasm (D:1)
  A jackal (D:1)
  A ball python (D:1)
  A rat (D:1)
4 creatures vanquished.

Notes
Turn   | Place    | Note
-------+----------+-------------------------------------------
     0 | D:1      | casanoah the Demonspawn Alchemist began the quest for the
                  | Orb.
     0 | D:1      | Reached XP level 1. HP: 13/13 MP: 3/3
    99 | D:1      | Slain by a jackal

Illustrated notes

Levels and vault maps discovered:
D:1:      shiori_arrival_whats_in_store_for_you, layout_rooms, nrook_mini_vaults

Action                     || total
---------------------------++-------
  Melee: Unarmed           ||     5
   Cast: Sting             ||     6
 Armour: Robe              ||    21
  Dodge: Dodged            ||    15

Table legend: (Time is in decaauts)
 A = Elapsed time spent in this place.
 B = Non-inter-level travel time spent in this place.
 C = Inter-level travel time spent in this place.
 D = Time resting spent in this place.
 E = Time spent auto-exploring this place.
 F = Levels seen in this place.
 G = Mean time per level.
                   A        B        C        D        E       F      G
               +--------+--------+--------+--------+--------+-----+--------+
         Total |     99 |     99 |      0 |     19 |      0 |   1 |   99.0 |
       Dungeon |     99 |     99 |      0 |     19 |      0 |   1 |   99.0 |
               +--------+--------+--------+--------+--------+-----+--------+

Top non-repeatable levels by time:
     D:1: 99 daAuts
